 Dungeon Crawl Stone Soup version 0.28-a0-1395-g4f6bc678fa (webtiles) character file.

Game seed: 4359536747607028339

16415 Lekart the Cleaver (level 12, -7/160 HPs)
             Began as a Purple Draconian Fighter on Jan 4, 2022.
             Was an Elder of Trog.
             Mangled by a two-headed ogre (21 damage)
             ... on level 10 of the Dungeon.
             The game lasted 00:32:22 (16697 turns).

Lekart the Cleaver (Purple Draconian Fighter)      Turns: 16697, Time: 00:32:23

Health: -7/160     AC:  9    Str: 20    XL:     12   Next: 9%
Magic:  12/12      EV: 17    Int:  8    God:    Trog [****..]
Gold:   362        SH:  6    Dex: 17    Spells: 11/11 levels left

rFire   . . .      SeeInvis .   a - +1 war axe
rCold   + . .      Faith    .   b - +0 buckler
rNeg    + . .      Spirit   .   (armour unavailable)
rPois   .          Reflect  .   (helmet restricted)
rElec   +          Harm     .   (no cloak)
rCorr   .          Rampage  .   (no gloves)
Will    +....                   h - +0 pair of boots
Stlth   ..........              (no amulet)
HPRegen 0.36/turn               u - ring of positive energy
MPRegen 0.13/turn               v - ring of protection from cold

@: berserking, lethally poisoned (-7 -> -16), very quick
A: breathe power, AC +8, unfitting armour, cold-blooded, hooves 1, stinger 1,
electricity resistance, strong 1
a: Breathe Dispelling Energy, Renounce Religion, Berserk, Trog's Hand, Brothers
in Arms


You were on level 10 of the Dungeon.
You worshipped Trog.
Trog was greatly pleased with you.
You visited 2 branches of the dungeon, and saw 11 of its levels.

You collected 647 gold pieces.
You spent 285 gold pieces at shops.

Inventory:

Hand Weapons
 a - a +1 war axe (weapon)
Missiles
 B - a throwing net
Armour
 b - a +0 buckler (worn)
 h - a +0 pair of boots (worn)
Magical Staves
 s - a staff of air
Jewellery
 j - an amulet of faith
 u - a ring of positive energy (left hand)
 v - a ring of protection from cold (right hand)
 y - an amulet of magic regeneration
 E - an amulet of regeneration
Wands
 x - a wand of digging (4)
Scrolls
 e - 6 scrolls of fog
 f - 3 scrolls of teleportation
 g - a scroll of enchant armour {unknown}
 l - 3 scrolls of blinking
 n - 2 scrolls of noise
 q - 2 scrolls of magic mapping
 t - 2 scrolls of fear
 z - a scroll of enchant weapon
 A - a scroll of summoning
Potions
 c - 3 potions of might
 d - a potion of cancellation
 i - 5 potions of curing
 m - 2 potions of mutation
 o - a potion of magic
 p - a potion of flight
 r - 2 potions of haste
 w - 2 potions of berserk rage
 C - a potion of attraction
 D - a potion of lignification


   Skills:
 + Level 10.4 Fighting
 + Level 14.0 Axes
 + Level 8.6 Dodging
 + Level 7.1 Shields
 + Level 2.2 Evocations


You had 11 spell levels left.
You didn't know any spells.
Your spell library contained the following spells:

 Spells                   Type           Power      Damage    Failure   Level
 Tukima's Dance           Hex            0%         N/A       78%         3
 Passage of Golubria      Tloc           0%         N/A       99%         4
 Yara's Violent Unravell  Hex/Tmut       0%         3d3       100%        5


Dungeon Overview and Level Annotations

Branches:
Dungeon (10/15)            Temple (1/1) D:7
   Lair: D:8-11         Orc: D:9-12

Altars:
Ashenzari
Cheibriados
Dithmenos
Elyvilon
Fedhas
Gozag
Hepliaklqana
Kikubaaqudgha
Makhleb
Nemelex Xobeh
Okawaru
Qazlal
Ru
Sif Muna
Trog
Uskayaw
Vehumet
Wu Jian
Xom
Yredelemnul
Zin
The Shining One

Shops:
D:4 (   D:5 !

Annotations:
D:6 3 runed translucent doors, exclusion: downstairs, drclinical's ghost, novice HOVM


Innate Abilities, Weirdness & Mutations

You can breathe bolts of dispelling energy.
Your rich purple scales are hard. (AC +8)
You cannot fit into any form of body armour.
You are cold-blooded and may be slowed by cold attacks.
You have large cloven feet.
Your tail ends in a venomous barb.
You are resistant to electric shocks. (rElec)
Your muscles are strong. (Str +2)


Message History

You hit the wolf spider.
The wolf spider is severely wounded.
Your skin stops crawling.
You feel less strong-willed. The wolf spider misses you. x2
You hit the wolf spider.
You tail-slap the wolf spider, but do no damage.
The wolf spider is severely wounded.
The wolf spider hits you! The wolf spider barely misses you.
You hit the wolf spider.
The wolf spider is severely wounded.
The wolf spider hits you!! The wolf spider bites you!
You block the wolf spider's attack. The wolf spider bites you.
You are poisoned.
The wolf spider poisons you!
A red film seems to cover your vision as you go berserk!
You feel yourself moving faster!
You feel mighty!
You feel very sick. The wolf spider hits you!
You block the wolf spider's attack.
You hit the wolf spider.
The wolf spider is severely wounded.
You feel very sick. The wolf spider hits you! The wolf spider bites you!
* * * LOW HITPOINT WARNING * * *
You slash the wolf spider!
The wolf spider is almost dead.
You feel sick. You block the wolf spider's attack.
The wolf spider closely misses you.
You slice the wolf spider!!
You kill the wolf spider!
Trog accepts your kill.
You feel sick.
Your Axes skill increases to level 14!
You barely miss the two-headed ogre.
You feel sick.
You slice the two-headed ogre!!
The two-headed ogre is moderately wounded.
You feel sick.
The two-headed ogre hits you with a +0 giant club!!
* * * LOW HITPOINT WARNING * * *
The two-headed ogre hits you with a +0 giant spiked club!!
You die...

..#.........<....................
..#...)............###...).......
.............####..# #......#####
..##.........# #..# #......# #
..##.........# #..# #......# #
..##....###### #########)..# #
..##....# ####...#...# #
..##....# ######.†).♣.#...# #
.)##....# #.TO@[..#)♣.##..# #
..##.#### +..######.♣.##..#####
..##.# ## #........##..)<)..
..##.# ######.#########..####.
..##### ♣♣.............##### #..
..#♣♣.♣♣#♣.♣♣..♣.♣♣♣♣..♣#♣♣.♣♣#..
..#♣...♣#.♣♣.[♣♣.♣♣♣).♣.#♣.≈.♣#..
..#.....#♣♣..♣♣♣)♣♣..♣♣♣#.≈≈≈.#..
..#.....#♣..♣♣ ♣.♣..♣♣ #.≈≈≈.#..


You could see a two-headed ogre and a troll.

Vanquished Creatures
  4 two-headed ogres
  A centaur warrior (D:10)
  Pikel (D:7)
  A deep elf pyromancer (D:10)
  An ugly thing (D:10)
  A wolf spider (D:10)
  Maurice (D:8)
  A cyclops (D:10)
  Joseph (D:7)
  A gargoyle (D:10)
  2 unseen horrors (D:10)
  5 trolls
  Grinder (D:6)
  A hornet (D:9)
  A wraith (D:10)
  2 shadows (D:9)
  11 yaks
  A vampire mosquito (D:6)
  A steam dragon (D:7)
  Menkaure (D:6)
  Edmund (D:5)
  3 acid dragons
  2 water moccasins (D:7)
  A black bear (D:4)
  4 sky beasts
  A hornet zombie (D:8)
  7 orc warriors
  2 necrophages
  4 ice beasts
  2 ogres
  A lemure (D:7)
  13 centaurs
  A phantom (D:5)
  A kobold brigand (D:8)
  Blork the orc (D:5)
  4 bullfrogs
  A gnoll sergeant (D:10)
  A scorpion (D:4)
  A water moccasin skeleton (D:6)
  A wyvern skeleton (D:6)
  9 killer bees
  4 wights (D:8)
  4 howler monkeys
  An electric eel (D:10)
  5 centaur zombies
  5 hounds
  3 jellies
  An orc priest (D:6)
  4 gnoll shamans (D:7)
  2 bullfrog skeletons (D:5)
  An iguana (D:5)
  Terence (D:3)
  4 orc wizards
  2 hound zombies (D:5)
  A hound skeleton (D:5)
  A howler monkey zombie (D:10)
  14 gnolls
  A howler monkey skeleton (D:7)
  7 adders
  A shadow imp (D:6)
  3 white imps
  2 ufetubi
  A dart slug (D:1)
  16 orcs
  11 ball pythons
  7 bats
  5 endoplasms
  8 giant cockroaches
  8 hobgoblins
  5 jackals
  9 kobolds
  4 quokkas
  6 frilled lizards
  8 goblins
  9 rats
264 creatures vanquished.

Vanquished Creatures (others)
  An orc wizard (D:7)
  2 toadstools (D:1)
3 creatures vanquished.

Grand Total: 267 creatures vanquished

Notes
Turn   | Place    | Note
-------+----------+-------------------------------------------
     0 | D:1      | Lekart the Draconian Fighter began the quest for the Orb.
     0 | D:1      | Reached XP level 1. HP: 19/19 MP: 1/1
    54 | D:1      | Found a faded altar of an unknown god.
    71 | D:1      | Reached XP level 2. HP: 9/26 MP: 2/2
   286 | D:1      | Prayed at the altar of an unknown god.
   286 | D:1      | Became a worshipper of Trog the Wrathful
   286 | D:1      | Reached * piety under Trog
   605 | D:1      | Reached XP level 3. HP: 33/33 MP: 3/3
  1666 | D:2      | Reached ** piety under Trog
  1700 | D:2      | Reached XP level 4. HP: 39/40 MP: 4/4
  1835 | D:2      | Found a basalt altar of Yredelemnul.
  1878 | D:2      | Reached skill level 3 in Axes
  2081 | D:2      | Gained mutation: You possess an exceptional clarity of
                  | mind. [potion of mutation]
  2081 | D:2      | Gained mutation: You have supernaturally acute eyesight.
                  | (SInv) [potion of mutation]
  2354 | D:3      | Lost mutation: You possess an exceptional clarity of mind.
                  | [potion of mutation]
  2354 | D:3      | Lost mutation: You have supernaturally acute eyesight.
                  | (SInv) [potion of mutation]
  2354 | D:3      | Gained mutation: You have sharp toenails. [potion of
                  | mutation]
  2354 | D:3      | Gained mutation: Your muscles are strong. (Str +2) [potion
                  | of mutation]
  2354 | D:3      | Gained mutation: You have a pair of small antennae on your
                  | head. [potion of mutation]
  2661 | D:3      | Noticed Terence
  2672 | D:3      | Killed Terence
  2916 | D:3      | Reached XP level 5. HP: 19/46 MP: 5/5
  3478 | D:4      | Reached skill level 4 in Axes
  3583 | D:4      | Reached *** piety under Trog
  3828 | D:4      | Found a shadowy altar of Dithmenos.
  3848 | D:4      | Reached XP level 6. HP: 45/53 MP: 6/6
  3907 | D:4      | Found a basalt altar of Yredelemnul.
  4113 | D:4      | Found Vesoexze's Antique Weapon Shop.
  4234 | D:5      | Entered Level 5 of the Dungeon
  4234 | D:5      | Noticed Blork the orc
  4241 | D:5      | Reached skill level 5 in Axes
  4280 | D:5      | Killed Blork the orc
  4392 | D:5      | Noticed a sky beast
  4400 | D:5      | Killed a sky beast
  4401 | D:5      | Your scales start taking on a rich purple colour.
  4401 | D:5      | Reached XP level 7. HP: 49/60 MP: 7/7
  4464 | D:5      | Noticed Edmund
  4481 | D:5      | Killed Edmund
  4482 | D:5      | Reached skill level 5 in Fighting
  4482 | D:5      | Reached skill level 6 in Axes
  4954 | D:5      | Found Rijudut's Distillery.
  4962 | D:5      | Bought a potion of mutation for 120 gold pieces
  4962 | D:5      | Bought a potion of mutation for 120 gold pieces
  4962 | D:5      | Lost mutation: You have a pair of small antennae on your
                  | head. [potion of mutation]
  4962 | D:5      | Lost mutation: You have sharp toenails. [potion of
                  | mutation]
  4962 | D:5      | Gained mutation: Your tail ends in a venomous barb. [potion
                  | of mutation]
  4962 | D:5      | Gained mutation: You have large cloven feet. [potion of
                  | mutation]
  4962 | D:5      | Gained mutation: You are resistant to electric shocks.
                  | (rElec) [potion of mutation]
  5042 | D:5      | Reached XP level 8. HP: 36/69 MP: 8/8
  5105 | D:5      | Reached skill level 7 in Axes
  5448 | D:6      | Noticed Grinder
  5461 | D:5      | Bought a potion of flight for 45 gold pieces
  5488 | D:5      | Reached skill level 5 in Dodging
  5810 | D:6      | Killed Grinder
  5986 | D:6      | Reached skill level 8 in Axes
  6143 | D:6      | Found a shimmering blue altar of Sif Muna.
  6322 | D:6      | Reached **** piety under Trog
  6379 | D:6      | Reached XP level 9. HP: 45/75 MP: 9/9
  6516 | D:6      | Found a runed translucent gate.
  6517 | D:6      | Found a runed translucent gate.
  6518 | D:6      | Found a runed translucent gate.
  6520 | D:6      | Noticed drclinical's ghost (novice HOVM)
  6559 | D:6      | Noticed Menkaure
  6565 | D:6      | Killed Menkaure
  6825 | D:6      | Noticed a two-headed ogre
  6835 | D:6      | Killed a two-headed ogre
  6836 | D:6      | Reached skill level 9 in Axes
  7259 | D:6      | Reached skill level 10 in Axes
  7259 | D:6      | Reached skill level 5 in Shields
  7757 | D:7      | Found a broken altar of Ashenzari.
  7770 | D:7      | Noticed Joseph
  7808 | D:7      | Killed Joseph
  8109 | D:7      | Reached XP level 10. HP: 86/86 MP: 10/10
  8513 | D:7      | Found a staircase to the Ecumenical Temple.
  8659 | Temple   | Entered the Ecumenical Temple
  8862 | D:7      | Noticed a two-headed ogre
  8873 | D:7      | Killed a two-headed ogre
  8874 | D:7      | Reached skill level 11 in Axes
  8882 | D:7      | Identified the +10 dagger "Fooga" {pain, rPois rF+ rC+}
 10871 | D:8      | Noticed Maurice
 10877 | D:8      | Paralysed by something for 4 turns
 10897 | D:8      | Killed Maurice
 11104 | D:8      | Noticed Pikel
 11164 | D:7      | Killed Pikel
 11165 | D:7      | Reached skill level 12 in Axes
 11369 | D:8      | Found an ancient bone altar of Kikubaaqudgha.
 11484 | D:8      | Found a burning altar of Makhleb.
 11488 | D:8      | Found a glowing silver altar of Zin.
 11488 | D:8      | Noticed an angel
 11489 | D:8      | Noticed a cacodemon
 12017 | D:9      | Paralysed by a hornet for 1 turns
 12023 | D:9      | Reached XP level 11. HP: 24/95 MP: 11/11
 13116 | D:10     | Entered Level 10 of the Dungeon
 13458 | D:10     | Noticed a two-headed ogre
 13980 | D:10     | Killed a two-headed ogre
 13981 | D:10     | Reached skill level 13 in Axes
 14086 | D:10     | Reached skill level 1 in Evocations
 14093 | D:10     | Noticed a two-headed ogre
 14098 | D:10     | Killed a two-headed ogre
 14209 | D:10     | Noticed a purple ugly thing
 14224 | D:10     | Killed a purple ugly thing
 14407 | D:10     | Noticed a centaur warrior
 14706 | D:10     | Killed a centaur warrior
 15274 | D:10     | Reached skill level 10 in Fighting
 16529 | D:10     | Noticed a deep elf pyromancer
 16538 | D:10     | Killed a deep elf pyromancer
 16539 | D:10     | Reached XP level 12. HP: 80/106 MP: 12/12
 16679 | D:10     | Noticed a two-headed ogre
 16696 | D:10     | Reached skill level 14 in Axes
 16697 | D:10     | Mangled by a two-headed ogre

Illustrated notes

Levels and vault maps discovered:
D:1:      lemuel_arrival_behind_the_door_large, layout_loops_corners,
          hellmonk_ecumenical_altar_heavens_door, chequers_arboretum,
          moated_statue, minivault_5, minmay_misc_feat_tower, st_stairs_8,
          chequers_decorated_corner, minmay_gold_behind_fungi,
          wad_floor_pattern_1
D:2:      layout_rooms, basic_altar
D:3:      layout_basic, minmay_misc_feat_secret_circle, uniq_terence
D:4:      layout_rooms, mainiacjoe_overflow_catch_the_wave, serial_shops,
          nicolae_shop_behind_doors, minmay_crystal_room
D:5:      layout_basic, serial_shops, shop, kennysheep_crisscross, uniq_edmund,
          uniq_blork_the_orc
D:6:      layout_basic, mainiacjoe_overflow_alcove_1,
          gammafunk_ghost_necromancy, hangedman_minor_gate_pass, uniq_grinder,
          uniq_menkaure
D:7:      kennysheep_six_static_rooms, layout_rooms,
          mainiacjoe_overflow_tiny_flanked, lemuel_temple_firewalk_b,
          minmay_increasing_density, uniq_joseph
D:8:      layout_rooms, grunt_temple_overflow_order_and_chaos_2,
          general_overflow_altar, uniq_maurice, uniq_pikel
D:9:      layout_loops_ring, minmay_misc_feat_hallway
D:10:     nzn_winding_woodlands_stair_cross [nzn_winding_woodlands_5x15_parted,
          nzn_winding_woodlands_center_lodge,
          nzn_winding_woodlands_5x15_pockets, nzn_winding_woodlands_hourglass,
          nzn_winding_woodlands_5x5_perimeter,
          nzn_winding_woodlands_5x15_longhouse,
          nzn_winding_woodlands_center_diamonds,
          nzn_winding_woodlands_5x15_river_crossing], layout_long_grid,
          st_stairs_1
Temple:   regret_index_temple_waves

Skill      XL: |  1  2  3  4  5  6  7  8  9 10 11 12 |
---------------+-------------------------------------+-----
Dodging        | 3 4 5 6 7 8 |  8.6
Axes           | 3 4 5 6 8 10 12 13 14 | 14.0
Fighting       | 4 5 6 7 8 10 | 10.4
Shields        | 4 5 7 |  7.1
Evocations     | 2 |  2.2

Action                   |  1- 3 |  4- 6 |  7- 9 | 10-12 || total
-------------------------+-------+-------+-------+-------++-------
Melee: War axe           |    86 |   153 |   253 |   525 ||  1017
       Tailslap          |     6 |    16 |    43 |   109 ||   174
       Kick              |       |     9 |       |       ||     9
Invok: Trog's Hand       |       |       |     2 |     4 ||     6
       Berserk           |       |       |     1 |     5 ||     6
 Abil: Breathe Dispellin |       |       |     1 |     2 ||     3
Evoke: Wand              |       |     1 |       |    15 ||    16
  Use: Scroll            |       |     8 |     3 |     8 ||    19
       Potion            |       |     6 |     4 |     1 ||    11
 Stab: Sleeping          |     2 |       |       |     2 ||     4
       Distracted        |       |     2 |       |     1 ||     3
       Paralysed         |       |       |       |    10 ||    10
Armor: Skin              |    27 |    51 |    80 |   121 ||   279
Dodge: Dodged            |    57 |    96 |   207 |   374 ||   734
Block: Buckler           |    19 |    45 |    67 |   153 ||   284

Table legend: (Time is in decaauts)
 A = Elapsed time spent in this place.
 B = Non-inter-level travel time spent in this place.
 C = Inter-level travel time spent in this place.
 D = Time resting spent in this place.
 E = Time spent auto-exploring this place.
 F = Levels seen in this place.
 G = Mean time per level.
                   A        B        C        D        E       F      G
               +--------+--------+--------+--------+--------+-----+--------+
         Total |  16789 |  16363 |    426 |   6104 |   7585 |  11 | 1526.3 |
       Dungeon |  16704 |  16296 |    408 |   6104 |   7527 |  10 | 1670.4 |
        Temple |     84 |     67 |     17 |      0 |     58 |   1 |   84.0 |
               +--------+--------+--------+--------+--------+-----+--------+

Top non-repeatable levels by time:
    D:10: 3298 daAuts
     D:7: 2712 daAuts
     D:6: 1875 daAuts
     D:1: 1622 daAuts
     D:9: 1616 daAuts
     D:5: 1572 daAuts
     D:8: 1317 daAuts
     D:3: 1216 daAuts
     D:4: 806 daAuts
     D:2: 665 daAuts
  Temple: 84 daAuts
